HSSL
BROOKLINE HS WARRIORS @ MAIZE HS
04/29/2024
 
TOP OF THE 1ST
Brookline HS Warriors batting - Pitching for Maize HS : RHP Josh Jenkins
Pitching: RHP Josh Jenkins
Batting: RHB Marcos Liñares 0-0: Foul Ball, location: 2F
0-1: Called Strike
0-2: Ball
1-2: Ground out 6-3 (Groundball, 6M)
Batting: LHB Kel Smith 0-0: Called Strike
0-1: Ball
1-1: Ball
2-1: Ball
3-1: Foul Ball, location: 2F
3-2: Base on Balls
Batting: RHB Ray Ervin 0-0: DOUBLE (Line Drive, 7LM)
Kel Smith to third
Batting: LHB Howard Holder 0-0: Foul Ball, location: 2F
0-1: Ball
1-1: Foul Ball, location: 2F
1-2: Foul Ball, location: 2F
1-2: Hit by Pitch
Batting: RHB Mike Carter 0-0: Ball
1-0: Ball
2-0: Foul Ball, location: 2F
2-1: Foul Ball, location: 2F
2-2: Ball
3-2: Foul Ball, location: 2F
3-2: Strikes out looking
Batting: RHB Phil Moore 0-0: Called Strike
0-1: Called Strike
0-2: Ball
1-2: Fly out, F9 (Popup, 34D)
Top of the 1st over - 0 run(s), 1 hit(s), 0 error(s), 3 left on base; Brookline HS 0 - Maize HS 0
BOTTOM OF THE 1ST
Maize HS batting - Pitching for Brookline HS Warriors : LHP Juan Méndez
Pitching: LHP Juan Méndez
Batting: RHB Lawrence Howard 0-0: Ball
1-0: Ball
2-0: Ball
3-0: Called Strike
3-1: Called Strike
3-2: Fly out, F9 (Flyball, 9S)
Batting: RHB Jorge Molina 0-0: Called Strike
0-1: Swinging Strike
0-2: Ball
1-2: SOLO HOME RUN (Flyball, 9LD), Distance : 374 ft
Batting: LHB Carl Hodge 0-0: Fly out, F7 (Flyball, 7M)
Batting: RHB Ryan Jackson 0-0: Foul Ball, location: 2F
0-1: Foul Ball, location: 2F
0-2: Fly out, F3 (Popup, 3SF)
Bottom of the 1st over - 1 run(s), 1 hit(s), 0 error(s), 0 left on base; Brookline HS 0 - Maize HS 1
TOP OF THE 2ND
Brookline HS Warriors batting - Pitching for Maize HS : RHP Josh Jenkins
Batting: RHB Glenn Rojas 0-0: Called Strike
0-1: Foul Ball, location: 2F
0-2: SOLO HOME RUN (Flyball, 7LD), Distance : 362 ft
Batting: LHB Cliff Mills 0-0: Ball
1-0: Swinging Strike
1-1: Ball
2-1: Foul Ball, location: 2F
2-2: Ball
3-2: Strikes out swinging
Batting: RHB Carlos Sousa 0-0: Foul Ball, location: 2F
0-1: Ball
1-1: Called Strike
1-2: Foul Ball, location: 2F
1-2: Strikes out swinging
Batting: RHB Marcos Liñares 0-0: Foul Ball, location: 2F
0-1: Ball
1-1: SINGLE (Line Drive, 6MD)
Batting: LHB Kel Smith 0-0: Called Strike
Marcos Liñares is caught stealing 2nd base
Top of the 2nd over - 1 run(s), 2 hit(s), 0 error(s), 0 left on base; Brookline HS 1 - Maize HS 1
BOTTOM OF THE 2ND
Maize HS batting - Pitching for Brookline HS Warriors : LHP Juan Méndez
Batting: SHB Ricardo Gómez 0-0: Called Strike
0-1: Foul Ball, location: 2F
0-2: Ball
1-2: Ball
2-2: Ball
3-2: Base on Balls
Batting: RHB Raúl González 0-0: Foul Ball, location: 2F
0-1: Ball
1-1: Swinging Strike
1-2: Ball
2-2: Strikes out swinging
Batting: RHB Lorenzo Hernández 0-0: Ball
1-0: Ball
2-0: Ball
3-0: Base on Balls
Ricardo Gómez to second
Batting: LHB James Macías 0-0: Ball
1-0: Ball
2-0: Fly out, F7 (Line Drive, 7M)
Batting: LHB Will Chapman 0-0: Ball
1-0: DOUBLE (Line Drive, 7LM)
Ricardo Gómez scores
Lorenzo Hernández to third
Batting: RHB Lawrence Howard 0-0: Ball
1-0: Fly out, F8 (Flyball, 8LM)
Bottom of the 2nd over - 1 run(s), 1 hit(s), 0 error(s), 2 left on base; Brookline HS 1 - Maize HS 2
TOP OF THE 3RD
Brookline HS Warriors batting - Pitching for Maize HS : RHP Josh Jenkins
Batting: LHB Kel Smith 0-0: Foul Ball, location: 2F
0-1: Fly out, F7 (Flyball, 7LS)
Batting: RHB Ray Ervin 0-0: Ball
1-0: Foul Ball, location: 2F
1-1: Ball
2-1: Ball
3-1: Foul Ball, location: 2F
3-2: Base on Balls
Batting: LHB Howard Holder 0-0: Called Strike
0-1: Foul Ball, location: 2F
0-2: Foul Ball, location: 2F
0-2: SINGLE (Groundball, 34D) (infield hit)
Ray Ervin to second
Batting: RHB Mike Carter 0-0: Fly out, F8 (Flyball, 8LM)
Batting: RHB Phil Moore 0-0: Called Strike
0-1: Ball
1-1: SINGLE (Groundball, 56D)
Ray Ervin to third
Howard Holder to second
Runner from 3rd tries for Home, SAFE, no throw or cutoff
Batting: RHB Glenn Rojas 0-0: Called Strike
0-1: Swinging Strike
0-2: Foul Ball, location: 2F
0-2: Strikes out swinging
Top of the 3rd over - 1 run(s), 2 hit(s), 0 error(s), 2 left on base; Brookline HS 2 - Maize HS 2
BOTTOM OF THE 3RD
Maize HS batting - Pitching for Brookline HS Warriors : LHP Juan Méndez
Batting: RHB Jorge Molina 0-0: Ball
1-0: Ball
2-0: SINGLE (Groundball, 6D)
Batting: LHB Carl Hodge 0-0: Ball
1-0: Called Strike
1-1: Called Strike
1-2: Strikes out looking
Batting: RHB Ryan Jackson 0-0: Called Strike
Jorge Molina steals 2nd base
0-1: Foul Ball, location: 2F
0-2: Ball
1-2: Fly out, F3 (Popup, 3L)
Batting: SHB Ricardo Gómez 0-0: Ball
1-0: SINGLE (Groundball, 34D)
Jorge Molina to third
Runner from 3rd tries for Home, SAFE, no throw or cutoff
Batting: RHB Raúl González 0-0: Called Strike
0-1: Ball
1-1: Foul Ball, location: 2F
1-2: Foul Ball, location: 2F
1-2: Ball
2-2: Ball
3-2: Fly out, F8 (Flyball, 8LM)
Bottom of the 3rd over - 1 run(s), 2 hit(s), 0 error(s), 1 left on base; Brookline HS 2 - Maize HS 3
TOP OF THE 4TH
Brookline HS Warriors batting - Pitching for Maize HS : RHP Josh Jenkins
Batting: LHB Cliff Mills 0-0: Ball
1-0: Called Strike
1-1: Called Strike
1-2: Foul Ball, location: 2F
1-2: Foul Ball, location: 2F
1-2: SINGLE (Flyball, 6MD)
Batting: RHB Carlos Sousa 0-0: Called Strike
0-1: Ball
1-1: Called Strike
1-2: Strikes out swinging
Batting: RHB Marcos Liñares 0-0: Ball
1-0: Called Strike
1-1: 2-RUN HOME RUN (Flyball, 8LXD), Distance : 443 ft
Batting: LHB Kel Smith 0-0: SINGLE (Line Drive, 56D)
Batting: RHB Ray Ervin 0-0: Called Strike
0-1: Swinging Strike
0-2: Grounds into double play, 5-4-3 (Groundball, 56)
Top of the 4th over - 2 run(s), 3 hit(s), 0 error(s), 0 left on base; Brookline HS 4 - Maize HS 3
BOTTOM OF THE 4TH
Maize HS batting - Pitching for Brookline HS Warriors : LHP Juan Méndez
Batting: RHB Lorenzo Hernández 0-0: Ball
1-0: Ball
2-0: Ball
3-0: Base on Balls
Batting: LHB James Macías 0-0: Ball
1-0: Foul Ball, location: 2F
1-1: Ball
2-1: Reached on error, E4 (Groundball, 34)
Lorenzo Hernández to second
Batting: LHB Will Chapman 0-0: Called Strike
0-1: SINGLE (Line Drive, 4M)
Lorenzo Hernández to third
James Macías to second
Runner from 3rd tries for Home, SAFE, throw made home
Batting: RHB Lawrence Howard 0-0: Ball
1-0: Foul Ball, location: 2F
1-1: Ball
2-1: Ball
3-1: Swinging Strike
3-2: Base on Balls
James Macías to third
Will Chapman to second
Batting: RHB Jorge Molina 0-0: Ball
1-0: Ball
2-0: Ball
3-0: Called Strike
3-1: Base on Balls
James Macías scores
Will Chapman to third
Lawrence Howard to second
Batting: LHB Carl Hodge 0-0: SINGLE (Line Drive, 34D)
Will Chapman scores
Lawrence Howard to third
Jorge Molina to second
Batting: RHB Ryan Jackson 0-0: Ball
1-0: Ball
2-0: Ball
3-0: Called Strike
3-1: Base on Balls
Lawrence Howard scores
Jorge Molina to third
Carl Hodge to second
Pitching: RHP Keith Feltham
Batting: SHB Ricardo Gómez 0-0: Fly out, F7 (Flyball, 7LM)
Runner from 3rd tags up, SCORES, no throw
Batting: RHB Raúl González 0-0: Called Strike
0-1: Ball
1-1: Reached on error, E5 (Groundball, 5)
Carl Hodge to third
Ryan Jackson to second
Batting: RHB Lorenzo Hernández 0-0: Ball
1-0: Ball
2-0: Ball
3-0: Base on Balls
Carl Hodge scores
Ryan Jackson to third
Raúl González to second
Batting: LHB James Macías 0-0: Ball
1-0: Ground out 4-3 (Groundball, 4M)
Ryan Jackson scores
Raúl González to third
Lorenzo Hernández to second
Batting: LHB Will Chapman 0-0: Called Strike
0-1: Ball
1-1: Ball
2-1: Swinging Strike
2-2: Ground out 6-3 (Groundball, 6M)
Bottom of the 4th over - 7 run(s), 2 hit(s), 2 error(s), 2 left on base; Brookline HS 4 - Maize HS 10
TOP OF THE 5TH
Brookline HS Warriors batting - Pitching for Maize HS : RHP Josh Jenkins
Pitching: RHP John Gill
Batting: LHB Howard Holder 0-0: Called Strike
0-1: Foul Ball, location: 2F
0-2: Ball
1-2: Hit by Pitch
Batting: RHB Mike Carter 0-0: Called Strike
0-1: Ball
1-1: Swinging Strike
1-2: Foul Ball, location: 2F
1-2: Ball
2-2: Ball
3-2: Ground out 4-3 (Groundball, 4M)
Howard Holder to second
Batting: RHB Phil Moore 0-0: Called Strike
0-1: Ball
1-1: Ball
2-1: Fly out, F1 (Line Drive, 13S)
Batting: RHB Glenn Rojas 0-0: Swinging Strike
0-1: Called Strike
0-2: Strikes out swinging
Top of the 5th over - 0 run(s), 0 hit(s), 0 error(s), 1 left on base; Brookline HS 4 - Maize HS 10
BOTTOM OF THE 5TH
Maize HS batting - Pitching for Brookline HS Warriors : RHP Keith Feltham
Batting: RHB Lawrence Howard 0-0: Swinging Strike
0-1: SINGLE (Groundball, 56D) (infield hit)
Batting: RHB Jorge Molina 0-0: Ball
1-0: Ball
2-0: Ball
3-0: Called Strike
3-1: Reached on error, E1 (Groundball, 15)
Lawrence Howard to second
Batting: LHB Carl Hodge 0-0: Ball
Lawrence Howard steals 3rd base
Jorge Molina to second
1-0: Ball
2-0: Ball
3-0: Called Strike
3-1: Base on Balls
Batting: RHB Ryan Jackson 0-0: Ball
1-0: Ball
2-0: Swinging Strike
2-1: Grounds into double play, 4-6-3 (Groundball, 4)
Lawrence Howard scores
Jorge Molina to third
Batting: SHB Ricardo Gómez 0-0: Called Strike
0-1: Called Strike
0-2: Ball
1-2: Fly out, F6 (Popup, 6D)
Bottom of the 5th over - 1 run(s), 1 hit(s), 1 error(s), 1 left on base; Brookline HS 4 - Maize HS 11
TOP OF THE 6TH
Brookline HS Warriors batting - Pitching for Maize HS : RHP John Gill
Batting: LHB Cliff Mills 0-0: Ball
1-0: Swinging Strike
1-1: Fly out, F7 (Flyball, 7LM)
Batting: RHB Carlos Sousa 0-0: Ball
1-0: Called Strike
1-1: Ball
2-1: Ball
3-1: Fly out, F4 (Popup, 34)
Batting: RHB Marcos Liñares 0-0: Called Strike
0-1: Foul Ball, location: 2F
0-2: Ball
1-2: Ground out 4-3 (Groundball, 4)
Top of the 6th over - 0 run(s), 0 hit(s), 0 error(s), 0 left on base; Brookline HS 4 - Maize HS 11
BOTTOM OF THE 6TH
Maize HS batting - Pitching for Brookline HS Warriors : RHP Keith Feltham
Batting: RHB Raúl González 0-0: Ball
1-0: SINGLE (Line Drive, 4D)
Batting: RHB Lorenzo Hernández 0-0: Ball
1-0: Foul Ball, location: 2F
1-1: Foul Ball, location: 2F
1-2: Ball
2-2: Foul Ball, location: 2F
2-2: Ball
3-2: Grounds into double play, 4-6-3 (Groundball, 4)
Batting: LHB James Macías 0-0: Called Strike
0-1: Ball
1-1: Ball
2-1: Ball
3-1: Foul Ball, location: 2F
3-2: Fly out, F6 (Popup, 6M)
Bottom of the 6th over - 0 run(s), 1 hit(s), 0 error(s), 0 left on base; Brookline HS 4 - Maize HS 11
TOP OF THE 7TH
Brookline HS Warriors batting - Pitching for Maize HS : RHP John Gill
Pitching: RHP Tony Zamora
Batting: LHB Kel Smith 0-0: Swinging Strike
0-1: Called Strike
0-2: Ball
1-2: Ground out 4-3 (Groundball, 4M)
Batting: RHB Ray Ervin 0-0: Fly out, F4 (Popup, 34)
Batting: LHB Howard Holder 0-0: Ball
1-0: Ground out 4-3 (Groundball, 34)
Top of the 7th over - 0 run(s), 0 hit(s), 0 error(s), 0 left on base; Brookline HS 4 - Maize HS 11
BOTTOM OF THE 7TH
Maize HS batting - Pitching for Brookline HS Warriors : RHP Keith Feltham
Pitching: LHP Juan Varela
Batting: LHB Will Chapman 0-0: Ball
1-0: Swinging Strike
1-1: SINGLE (Line Drive, 6MD)
Batting: RHB Lawrence Howard 0-0: Sac Bunt - play at second, runner OUT! 1-6
Batting: RHB Jorge Molina 0-0: Ball
1-0: Foul Ball, location: 2F
1-1: Ball
2-1: Ball
3-1: Base on Balls
Lawrence Howard to second
Batting: LHB Carl Hodge 0-0: Called Strike
0-1: SINGLE (Line Drive, 78M)
Lawrence Howard to third
Jorge Molina to second
Runner from 3rd tries for Home, SAFE, no throw or cutoff
Batting: RHB Ryan Jackson 0-0: Ball
1-0: Called Strike
1-1: Foul Ball, location: 2F
1-2: Ball
2-2: Foul Ball, location: 2F
2-2: Foul Ball, location: 2F
2-2: Foul Ball, location: 2F
2-2: Strikes out looking
Batting: SHB Ricardo Gómez 0-0: Called Strike
0-1: Foul Ball, location: 2F
0-2: Foul Ball, location: 2F
0-2: Ball
1-2: Strikes out swinging
Bottom of the 7th over - 1 run(s), 2 hit(s), 0 error(s), 2 left on base; Brookline HS 4 - Maize HS 12
TOP OF THE 8TH
Brookline HS Warriors batting - Pitching for Maize HS : RHP Tony Zamora
Batting: RHB Mike Carter 0-0: Ball
1-0: Ground out 6-3 (Groundball, 6)
Batting: RHB Phil Moore 0-0: Ball
1-0: Ground out 5-3 (Groundball, 56)
Batting: RHB Glenn Rojas 0-0: Called Strike
0-1: Ground out 5-3 (Groundball, 56)
Top of the 8th over - 0 run(s), 0 hit(s), 0 error(s), 0 left on base; Brookline HS 4 - Maize HS 12
BOTTOM OF THE 8TH
Maize HS batting - Pitching for Brookline HS Warriors : LHP Juan Varela
Batting: RHB Raúl González 0-0: Called Strike
0-1: Ball
1-1: Foul Ball, location: 2F
1-2: Strikes out swinging
Batting: RHB Lorenzo Hernández 0-0: Ball
1-0: DOUBLE (Flyball, 7LD)
Batting: LHB James Macías 0-0: Ball
1-0: Ground out 4-3 (Groundball, 4)
Lorenzo Hernández to third
Batting: LHB Will Chapman 0-0: Foul Ball, location: 2F
0-1: Ball
1-1: Fly out, F7 (Flyball, 78M)
Bottom of the 8th over - 0 run(s), 1 hit(s), 0 error(s), 1 left on base; Brookline HS 4 - Maize HS 12
TOP OF THE 9TH
Brookline HS Warriors batting - Pitching for Maize HS : RHP Tony Zamora
Batting: LHB Cliff Mills 0-0: Ball
1-0: Swinging Strike
1-1: Ball
2-1: Ball
3-1: Swinging Strike
3-2: Strikes out swinging
Batting: RHB Carlos Sousa 0-0: Called Strike
0-1: Called Strike
0-2: Ball
1-2: Strikes out swinging
Batting: RHB Marcos Liñares 0-0: Ball
1-0: Ball
2-0: Foul Ball, location: 2F
2-1: Fly out, F9 (Flyball, 9M)
Top of the 9th over - 0 run(s), 0 hit(s), 0 error(s), 0 left on base; Brookline HS 4 - Maize HS 12
This league is powered by Out of the Park Baseball, the baseball management simulation game for PC, Mac and Linux
Saturday, April 9th, 2016 - OOTP Baseball 16.8 Build 38